 Dungeon Crawl Stone Soup version 0.16-a0-3940-gf8a207b (webtiles) character file.

16312503 Impoz the Invulnerable (level 27, 199/199 HPs)
             Began as a Gargoyle Fighter on Jan 31, 2015.
             Was the Champion of Makhleb.
             Escaped with the Orb
             ... and 15 runes on Feb 7, 2015!
             The game lasted 12:39:15 (95570 turns).

Impoz the Invulnerable (Gargoyle Fighter)          Turns: 95570, Time: 12:39:15

Health: 199/199    AC: 74    Str: 40    XL:     27
Magic:  45/45      EV: 22    Int: 22    God:    Makhleb [******]
Gold:   14904      SH: 22    Dex: 15    Spells: 11 memorised, 24 levels left

rFire  + + +     SeeInvis +     i - +10 morningstar "Moamnet" {vamp, Str+4 Int+3 Dex+3}
rCold  + + .     Clarity  .     v - +13 crystal plate armour
rNeg   + + +     SustAb   .     g - +4 shield "Louruw" {rPois- rC- Str+5 Int+7 SInv}
rPois  ∞         Gourm    .     X - -2 hat of the Alchemist {rElec rPois+ rF+ rC+ rN+ MR+ rMut rCorr}
rElec  +         Spirit   .     o - +1 cloak of Qazlal's Outrage {rC+ MR+ Dex+4 Stlth+}
rCorr  +         Warding  .     D - +2 pair of gloves {Str+3}
rMut   +         Stasis   .     N - +2 pair of boots of the Land of Plenty {rPois+ rF+}
MR     ++++.                    k - amulet "Throtaj" {+Rage rPois+ Str+3 SInv} (curse)
Stlth  ..........               G - ring "Ujiedif" {rC+ rN+ Slay+3 SInv}
                                t - ring "Icieru Skiu" {rF+ EV+2}

@: flying, very slightly contaminated, repel missiles, incredibly resistant to
hostile enchantments, extremely unstealthy
A: able to fly continuously, big wings, horns 1, repulsion field 1, clumsy 1,
negative energy resistance 1, electricity resistance, spit poison 1, weak 2,
unbreathing, petrification resistance, rot immunity, MP-powered wands 1, AC +20
a: Spit Poison, Stop Flying, Minor Destruction, Lesser Servant of Makhleb, Major
Destruction, Greater Servant of Makhleb, Renounce Religion, Evoke Berserk Rage
0: Orb of Zot
}: 15/15 runes: serpentine, barnacled, slimy, silver, golden, iron, obsidian,
icy, bone, abyssal, demonic, glowing, magical, fiery, dark


You escaped.
You worshipped Makhleb.
Makhleb was exalted by your worship.
You were not hungry.

You visited 18 branches of the dungeon, and saw 96 of its levels.
You visited Pandemonium 2 times, and saw 26 of its levels.
You visited the Abyss 2 times.
You also visited: Labyrinth, Trove and Wizlab.

You collected 16396 gold pieces.
You spent 1492 gold pieces at shops.

Inventory:

Hand weapons
 i - the +10 morningstar "Moamnet" (weapon) {vamp, Str+4 Int+3 Dex+3}
   (You acquired it on level 5 of the Lair of Beasts)

   It inflicts no extra harm, but heals its wielder somewhat when it strikes a
   living foe.
   It affects your strength (+4).
   It affects your intelligence (+3).
   It affects your dexterity (+3).
 P - the cursed +0 flail of Trog's Approval {flame, rPois+ Str+6 Stlth+}
   (You found it on level 5 of the Realm of Zot)

   It has been specially enchanted to burn those struck by it, causing extra
   injury to most foes and up to half again as much damage against particularly
   susceptible opponents.
   It affects your strength (+6).
   It protects you from poison.
   It makes you more stealthy.
   It has a curse placed upon it.
Armour
 g - the +4 shield "Louruw" (worn) {rPois- rC- Str+5 Int+7 SInv}
   (You acquired it on level 3 of the Shoals)

   It affects your strength (+5).
   It affects your intelligence (+7).
   It makes you vulnerable to cold.
   It makes you vulnerable to poison.
   It enhances your eyesight.
 o - the +1 cloak of Qazlal's Outrage (worn) {rC+ MR+ Dex+4 Stlth+}
   (You found it on level 1 of the Elven Halls)

   It affects your dexterity (+4).
   It protects you from cold.
   It affects your resistance to hostile enchantments.
   It makes you more stealthy.
 v - a +13 crystal plate armour (worn)
 A - the +18 shield of the gong {rElec rN+ MR+ EV-5}
   (You found it on level 7 of Cocytus)

   It affects your evasion (-5).
   It insulates you from electricity.
   It protects you from negative energy.
   It affects your resistance to hostile enchantments.
 D - a +2 pair of gloves of strength (worn)
 E - a +2 pair of boots of running
 N - the +2 pair of boots of the Land of Plenty (worn) {rPois+ rF+}
   (You found it in Pandemonium)

   It protects you from fire.
   It protects you from poison.
 X - the -2 hat of the Alchemist (worn) {rElec rPois+ rF+ rC+ rN+ MR+ rMut rCorr}
   (You found it on level 5 of the Vaults)

   It protects you from fire.
   It protects you from cold.
   It insulates you from electricity.
   It protects you from poison.
   It protects you from negative energy.
   It affects your resistance to hostile enchantments.
   It protects you from acid and corrosion.
   It protects you from mutation.
Jewellery
 f - a +4 ring of strength
 k - the cursed amulet "Throtaj" (around neck) {+Rage rPois+ Str+3 SInv}
   (You found it in a treasure trove)

   [amulet of rage]

   It affects your strength (+3).
   It protects you from poison.
   It enhances your eyesight.
   It lets you go berserk.
   It has a curse placed upon it.
 t - the ring "Icieru Skiu" (left hand) {rF+ EV+2}
   (You found it on level 2 of the Snake Pit)

   [ring of evasion]

   It affects your evasion (+2).
   It protects you from fire.
 C - the ring "Fegramyi" {Ice Contam rN+ MP+9 Int+2 SInv}
   (You found it on level 7 of Cocytus)

   [ring of ice]

   It enhances your ice magic, and weakens your fire magic.
   It affects your intelligence (+2).
   It makes you vulnerable to fire.
   It protects you from cold.
   It protects you from negative energy.
   It affects your magic capacity (+9).
   It enhances your eyesight.
   It causes magical contamination when unequipped.
 G - the ring "Ujiedif" (right hand) {rC+ rN+ Slay+3 SInv}
   (You found it on level 3 of the Tomb of the Ancients)

   [ring of protection from cold]

   It affects your accuracy and damage with ranged weapons and melee attacks
   (+3).
   It protects you from cold.
   It protects you from negative energy.
   It enhances your eyesight.
 H - a +1 ring of evasion
 J - the amulet of Fan Saot {Ward +Fly rN+}
   (You took it off an efreet in Pandemonium)

   [amulet of warding]

   It may prevent the melee attacks of summoned creatures.
   It protects you from negative energy.
   It lets you fly.
 K - the cursed ring of Robustness {AC+8}
   (You found it on level 6 of the Pits of Slime)

   [ring of protection]

   It affects your AC (+8).
   It has a curse placed upon it.
 O - a cursed ring of teleportation
Magical devices
 a - a wand of teleportation (5)
 s - a wand of confusion (38)
 B - a wand of disintegration (1)
 U - a wand of digging (0)
 V - a wand of teleportation (3)
Scrolls
 b - 2 scrolls of summoning
 c - 9 scrolls of recharging
 j - 3 scrolls of remove curse
 x - 8 scrolls of identify
 y - a scroll of enchant weapon
 I - a scroll of teleportation
 M - a scroll of fear
 R - a scroll of magic mapping
 S - 4 scrolls of blinking
 W - a scroll of torment
Potions
 e - 3 potions of restore abilities
 n - 6 potions of cancellation
 p - 4 potions of cure mutation
 q - 5 potions of berserk rage
 r - 2 potions of agility
 w - 6 potions of haste
 z - 17 potions of curing
 F - a potion of brilliance
 T - a potion of resistance
Books
 Q - a Young Poisoner's Handbook

   Spells                             Type                      Level
   a - Sting                          Conjuration/Poison           1
   b - Cure Poison                    Poison                       2
   c - Mephitic Cloud                 Conjuration/Poison/Air       3
   d - Olgreb's Toxic Radiance        Poison                       4
   e - Venom Bolt                     Conjuration/Poison           5
Miscellaneous
 h - the horn of Geryon
Comestibles
 d - 11 bread rations
 l - 12 meat rations
 m - 2 royal jellies
 u - 11 slices of pizza
 L - 16 fruits


   Skills:
 O Level 27 Fighting
 O Level 27 Maces & Flails
 O Level 27 Armour
 + Level 15.7 Dodging
 - Level 20.0 Shields
 - Level 15.0 Spellcasting
 - Level 15.0 Charms
 - Level 8.0 Translocations
 - Level 12.3 Earth Magic
 O Level 27 Invocations
 - Level 10.0 Evocations


You had 24 spell levels left.
You knew the following spells:

 Your Spells              Type           Power        Failure   Level  Hunger
a - Swiftness             Chrm/Air       #####...     1%          2    None
b - Passwall              Trmt/Erth      #####.....   3%          3    None
c - Passage of Golubria   Tloc           N/A          6%          4    None
d - Blink                 Tloc           N/A          1%          2    None
e - Control Teleport      Chrm/Tloc      ######....   1%          4    None
f - Stoneskin             Trmt/Erth      #####...     1%          2    None
g - Summon Butterflies    Summ           ###.....     14%         1    None
h - Repel Missiles        Chrm/Air       #####.       1%          2    None
i - Lee's Rapid Deconstr  Erth           ######....   1%          5    ###....
j - Haste                 Chrm           ######..     4%          6    #####..
k - Apportation           Tloc           ######....   1%          1    None


Dungeon Overview and Level Annotations

Branches:
Dungeon (15/15)            Temple (1/1) D:6            Lair (8/8) D:10
 Shoals (5/5) Lair:5        Snake (5/5) Lair:5        Slime (6/6) Lair:7
    Orc (4/4) D:9             Elf (3/3) Orc:4        Vaults (5/5) D:14
  Crypt (3/3) Vaults:3       Tomb (3/3) Crypt:3      Depths (5/5) D:15
   Hell (1/1)                 Dis (7/7) Hell            Geh (7/7) Hell
    Coc (7/7) Hell            Tar (7/7) Hell            Zot (5/5) Depths:5

Altars:
Ashenzari
Cheibriados
Dithmenos
Elyvilon
Fedhas
Gozag
Kikubaaqudgha
Makhleb
Nemelex Xobeh
Okawaru
Qazlal
Ru
Sif Muna
Trog
Vehumet
Xom
Yredelemnul
Zin
The Shining One
Beogh
Jiyva

Shops:
D:12 *   Orc:4 ?*([   Elf:1 [   Snake:5 }

Portals:
Hell: Depths:1 Depths:2 Depths:3 Depths:5
Pandemonium: Depths:3
Ziggurat: Depths:2

Annotations:
D:5 wojtek's ghost, experienced KoAs
Lair:1 exclusion: oklob plant
Vaults:3 Trove 16 Tele
Crypt:2 exclusion: door
Depths:2 Ziggurat, exclusion: door
Hell exclusion: 3 doors
Zot:3 6 runed doors


Innate Abilities, Weirdness & Mutations

You are resistant to torment.
You are immune to poison.
You can fly continuously.
Your stone body is very resilient (AC +20).
Your wings are large and strong.
You resist negative energy.
You are resistant to electric shocks.
You can survive without breathing.
You are immune to petrification.
You are immune to rotting.
You have a pair of small horns on your head.
You are surrounded by a mild repulsion field (EV +2).
You are clumsy. (Dex -2)
You can spit poison.
You are very weak. (Str -4)
You expend magic power (3 MP) to slightly strengthen your wands.


Message History

Zapping:
U - a wand of digging (2)
Press: ? - help, Shift-Dir - straight line The rock shatters into small pieces.
This wand has 1 charge left.
Your body shudders with the violent release of wild energies!
You feel weaker.
You feel less contaminated with magical energies.
There is a stone staircase leading up here.
You fly upwards.
You sense a powerful magical force warping space.
There is a stone staircase leading down here.
Evoke which item? (* to show all) (? for menu, Esc to quit)
Okay, then.
Evoke which item? (* to show all) (? for menu, Esc to quit)
Zapping:
U - a wand of digging (1)
Press: ? - help, Shift-Dir - straight line The rock shatters into small pieces.
This wand has 0 charges left.
There is an open door here.
There is an open door here.
There is a staircase leading out of the dungeon here.
You have escaped!

####...#.##...........###.#
#.# #........#########.....#
#.#
####...#...##.......##(...#
#.#
......##..##.######'.##..##
#.#
########.##.##...#.##.##.#
#.. #.#.##.#####.##.#.# #.#
#)#.#.## .##.###.# #.#
####.#.#.#.###.#.#.#.## #.#
#....#.#.#.#@#.#.#(#..# #.#
#.##.'.#.#.'##.'.#.#..# #.#
#.##.#.#.##...##.#.#..# #.#
#.##.#.##.#####.#..#..#####.#
#.##.##.##..(..##..#.......[#
#.##..##.#######.##...#####.#
#####.##...##.......##..###
#.#
............#########...####
#.#
####.####..................#
#.#


There were no monsters in sight!

Vanquished Creatures
  Antaeus (Coc:7)
  Asmodeus (Geh:7)
  Cerebov (Pan)
  the Serpent of Hell (Dis:7)
  the royal jelly (Slime:6)
  Ereshkigal (Tar:7)
  Gloorx Vloq (Pan)
  Mnoleg (Pan)
  Dispater (Dis:7)
  Lom Lobon (Pan)
  Khufu (Crypt:3)
  6 orbs of fire (Zot:5)
  10 ancient liches
  6 pandemonium lords (Pan)
  29 greater mummies
  Sojobo (Tomb:1)
  Margery (Vaults:3)
  A caustic shrike (Depths:5)
  Saint Roka (Shoals:5)
  2 curse toes
  11 shard shrikes
  7 Killer Klowns
  Mara (Snake:5)
  Mennas (Pan)
  Geryon (Hell)
  9 golden dragons
  Jory (Crypt:2)
  A profane servitor (Crypt:3)
  7 bone dragons
  the Enchantress (Depths:5)
  A pearl dragon (Pan)
  27 Brimstone Fiends
  Nikola (Elf:2)
  4 electric golems
  7 Hell Sentinels
  11 Ice Fiends
  10 liches
  11 tentacled monstrosities
  A quicksilver dragon (Vaults:5)
  4 titans
  23 Orb Guardians
  23 acid blobs
  2 deep elf master archers (Elf:3)
  Asterion (Depths:2)
  2 deep elf blademasters (Elf:3)
  14 Shadow Fiends
  9 sphinxes
  22 Executioners
  4 tentacled starspawn
  7 ancient champions
  7 storm dragons
  9 shadow dragons
  Kirke (Snake:2)
  6 tengu reavers
  13 azure jellies
  A draconian monk (Depths:5)
  4 revenants
  Ilsuiw (Shoals:5)
  A daeva (Pan)
  8 greater nagas
  Donald (Snake:5)
  29 balrugs
  11 frost giants
  13 fire giants
  A caustic shrike zombie (D:15)
  29 cacodemons
  12 iron dragons (Dis:7)
  2 draconian knights
  13 vault wardens
  Aizul (Depths:1)
  Louise (Shoals:1)
  3 draconian scorchers
  4 curse skulls
  11 emperor scorpions
  4 deep elf sorcerers
  A ghost moth (Zot:3)
  Gastronok (Lair:2)
  6 warmongers (Pan)
  A ghoul (Crypt:3)
  5 angels (Pan)
  Jorgrun (Snake:4)
  3 spriggan defenders (Depths:5)
  51 reapers
  3 draconian shifters
  18 ironheart preservers
  12 very ugly things
  3 draconian annihilators
  A draconian caller (Zot:2)
  11 war gargoyles
  5 rakshasas
  9 salamander firebrands
  13 stone giants
  4 corrupters (Pan)
  2 elemental wellsprings (Coc:7)
  11 apis (Pan)
  3 grey draconians
  A green draconian (Depths:5)
  8 ophanim (Pan)
  5 black draconians
  8 blood saints (Pan)
  4 chaos champions (Pan)
  4 bennus (Tomb:1)
  2 yellow draconians (Zot:4)
  9 deep elf annihilators
  6 lorocyprocas
  5 deep elf demonologists
  4 vampire knights
  4 purple draconians
  A pale draconian (Zot:5)
  2 red draconians (Zot:1)
  2 dire elephants
  2 mottled draconians
  3 white draconians
  4 unborn
  20 blizzard demons
  3 eidola (Crypt:2)
  12 ettins
  10 merfolk javelineers
  2 crystal guardians
  26 mummy priests
  8 black suns (Pan)
  7 quicksilver dragon zombies
  26 vault guards
  A fire dragon (shapeshifter) (Depths:3)
  8 green deaths
  11 merfolk impalers
  7 deep elf death magi
  27 jiangshi
  9 hell beasts
  5 death oozes (Slime:5)
  4 minotaurs
  7 deep elf high priests
  A spectral kraken (Tar:7)
  13 fire dragons
  A great orb of eyes (shapeshifter) (Depths:3)
  14 great orbs of eyes
  19 yaktaur captains
  A kraken zombie (Coc:7)
  5 spriggan air magi
  Harold (Orc:2)
  28 ice dragons
  7 quicksilver dragon skeletons
  16 naga warriors
  2 ghost crabs
  16 monstrous demonspawn (Pan)
  3 death cobs
  Nessos (Shoals:1)
  19 hydras
  7 merfolk avatars
  Erica (Lair:7)
  7 merfolk aquamancers
  10 anacondas
  6 satyrs
  5 death knights
  11 deep troll earth magi
  16 centaur warriors
  3 alligator snapping turtles
  A tengu warrior (D:15)
  5 deep troll shamans
  14 ogre magi
  16 rust devils
  41 sun demons
  An orc high priest (Elf:2)
  A thrashing horror (Abyss:1)
  7 titan zombies
  18 dancing weapons
  4 vampire magi
  13 shock serpents
  6 hell hogs
  14 naga sharpshooters
  A spriggan rider (Depths:2)
  21 death yaks
  3 spriggan berserkers
  3 storm dragon zombies
  A shock serpent (shapeshifter) (Vaults:5)
  A catoblepas (Lair:8)
  5 iron golems
  34 ice devils
  2 fire crabs
  5 wretched stars (Abyss:3)
  111 skeletal warriors
  6 salamander mystics
  4 titan skeletons
  9 unseen horrors
  45 soul eaters
  24 hell knights
  50 large abominations
  11 wizards
  21 sea snakes
  10 shadow demons
  7 anaconda zombies
  A ghost moth zombie (Dis:7)
  11 iron trolls
  14 shadow wraiths
  5 storm dragon skeletons
  23 deep trolls
  2 cherubim (Pan)
  8 death drakes
  3 golden dragon zombies
  83 death scarabs
  3 death drakes (shapeshifter)
  6 naga ritualists
  23 deep elf knights
  8 infernal demonspawn (Pan)
  9 gelid demonspawn (Pan)
  10 flayed ghosts
  9 anaconda skeletons
  4 giant orange brains
  An ice statue (Coc:7)
  A wolf spider (shapeshifter) (Depths:5)
  A lindwurm (shapeshifter) (Depths:3)
  12 torturous demonspawn (Pan)
  5 hill giants
  Pikel (D:8)
  10 orc knights
  11 deep elf summoners
  A spectral wolf spider (Tar:5)
  8 shadow dragon zombies
  4 golden dragon skeletons
  17 deep elf conjurers
  14 necromancers
  19 ironbrand convokers
  39 red devils
  18 harpies
  2 cyclopes (shapeshifter)
  An oklob plant (Lair:8)
  12 anubis guards
  An orb spider (shapeshifter) (Vaults:1)
  22 griffons
  A mana viper (shapeshifter) (Depths:2)
  3 orc sorcerers
  6 wolf spiders
  10 putrid demonspawn (Pan)
  3 iron dragon zombies
  8 shining eyes
  53 ugly things
  5 fire giant zombies
  A tengu skeleton (Vaults:4)
  A faun (shapeshifter) (Vaults:5)
  6 frost giant zombies
  13 moths of wrath
  11 mana vipers
  19 salamanders
  16 fauns
  A worldbinder (Abyss:3)
  11 phantasmal warriors
  5 stone giant zombies
  4 shadow dragon skeletons
  A spectral ice dragon (Crypt:3)
  5 water nymphs
  3 wolf spider zombies
  2 iron dragon skeletons
  19 manticores
  A guardian serpent (shapeshifter) (Depths:2)
  17 cyclopes
  5 fire giant skeletons
  36 black mambas
  12 sirens
  16 vault sentinels
  26 elephants
  3 frost giant skeletons
  42 sixfirhies
  Joseph (D:12)
  37 smoke demons
  28 orange demons
  10 molten gargoyles (Geh:7)
  6 dire elephant zombies
  4 stone giant skeletons
  20 naga magi
  2 moths of wrath (shapeshifter)
  9 guardian serpents
  A storm dragon simulacrum (Vaults:3)
  2 torpor snails
  A dire elephant skeleton (Geh:2)
  2 anaconda simulacra
  10 small abominations
  3 eyes of devastation
  16 hellions
  A yellow draconian zombie (Crypt:1)
  5 gargoyles
  17 spiny frogs
  25 tormentors
  A komodo dragon (shapeshifter) (Depths:3)
  A yaktaur zombie (Vaults:4)
  A shock serpent skeleton (Crypt:2)
  3 demonic crawlers
  6 komodo dragons
  4 silent spectres
  27 yaktaurs
  3 ancient zymes (Abyss:3)
  3 fire drakes
  16 efreet
  4 kobold demonologists
  2 harpy zombies
  15 deep elf priests
  31 merfolk
  49 guardian mummies
  27 blue devils
  30 freezing wraiths
  3 polar bears
  A catoblepas zombie (Tar:1)
  37 hellwings
  Sonja (D:15)
  13 hydra zombies
  7 boulder beetles
  A raiju (Abyss:3)
  A queen bee (shapeshifter) (Vaults:5)
  28 two-headed ogres
  A wind drake (Zot:2)
  3 tengu conjurers
  Prince Ribbit (Lair:1)
  2 harpy skeletons
  9 ettin zombies
  A frost giant simulacrum (Vaults:3)
  A wind drake (shapeshifter) (Depths:2)
  An air elemental (Depths:3)
  4 ravens
  100 slime creatures
  9 trolls
  2 hydra skeletons
  19 ushabtiu
  A baby alligator (shapeshifter) (Vaults:5)
  6 bog bodies (Coc:7)
  A wolf spider simulacrum (Crypt:1)
  3 alligator zombies
  4 fire dragon zombies
  4 basilisks
  4 catoblepas skeletons
  27 shadows
  18 blink frogs
  2 stone giant simulacra
  A tarantella (Elf:2)
  3 ice dragon zombies
  3 spriggans
  6 ettin skeletons
  2 alligator skeletons
  22 fire elementals
  154 flying skulls
  2 human simulacra
  3 ice dragon skeletons
  25 deep elf magi
  4 fire dragon skeletons
  10 snapping turtles
  6 redbacks
  19 water elementals
  A tarantella (shapeshifter) (Depths:2)
  52 yaks
  14 vampires
  13 ynoxinuls (Pan)
  A black mamba zombie (Geh:7)
  A redback (shapeshifter) (Vaults:5)
  2 centaur simulacra (D:15)
  18 vampire mosquitoes
  17 wraiths
  A wyvern (shapeshifter) (Vaults:3)
  A hippogriff (shapeshifter) (Elf:2)
  11 chaos spawn
  4 hogs (Snake:2)
  5 hungry ghosts
  Grum (Orc:2)
  19 wolves
  2 steam dragons
  12 golden eyes
  3 wyverns
  24 deep elf fighters
  18 humans (D:14)
  A soldier ant (D:14)
  A yak (shapeshifter) (Depths:2)
  20 neqoxecs
  A warg (shapeshifter) (Depths:2)
  Edmund (D:9)
  9 hippogriffs
  2 hydra simulacra
  72 nagas
  A merfolk zombie (Geh:4)
  Menkaure (D:7)
  A spatial vortex (Coc:7)
  3 insubstantial wisps (Abyss:3)
  5 wargs
  7 porcupines
  12 spiny frog zombies
  3 mottled dragons
  A monstrous demonspawn skeleton (Crypt:1)
  A soldier ant (shapeshifter) (Depths:2)
  A black mamba simulacrum (Crypt:3)
  27 water moccasins
  2 black bears (shapeshifter)
  2 merfolk skeletons
  6 sky beasts
  6 ice beasts
  3 manticore zombies
  2 swamp dragon zombies
  3 spiny frog skeletons
  A wasp (Depths:2)
  29 hell hounds
  A lindwurm zombie (Crypt:2)
  2 swamp drakes (Zot:2)
  4 eyes of draining
  42 orc warriors
  3 black bears
  2 slaves (D:8)
  A fire dragon simulacrum (Depths:3)
  2 snapping turtle zombies
  54 ogres
  2 orc zombies
  2 human skeletons
  18 boggarts
  21 centaurs
  9 phantoms
  18 necrophages
  A boring beetle (Lair:8)
  A swamp dragon skeleton (Tar:5)
  4 snapping turtle skeletons
  6 big kobolds
  19 crocodiles
  2 boring beetles (shapeshifter)
  A big kobold (shapeshifter) (Vaults:5)
  A gnoll sergeant (D:11)
  25 giant frogs
  A wyvern zombie (D:10)
  7 earth elementals
  5 scorpions
  A wyvern skeleton (D:13)
  A spriggan zombie (Crypt:1)
  A deep troll simulacrum (Vaults:5)
  2 spiny frog simulacra
  51 wights
  12 killer bees
  A yak skeleton (Crypt:1)
  A polar bear skeleton (Crypt:1)
  A troll skeleton (Geh:2)
  4 centaur zombies
  2 electric eels (Lair:2)
  12 crimson imps
  A giant frog zombie (D:12)
  A goliath beetle (D:7)
  15 starcursed masses (Abyss:3)
  15 human zombies
  3 quasits
  23 orc priests
  13 hounds
  26 jellies
  3 centaur skeletons
  6 giant frog skeletons
  16 iron imps
  6 worker ants
  33 orc wizards
  Natasha (thrice) (D:6)
  15 iguanas
  2 tengu zombies
  20 sheep
  A big kobold zombie (Crypt:2)
  A hound zombie (D:9)
  3 hound skeletons
  45 mummies
  14 gnolls
  A worker ant zombie (D:8)
  19 adders
  43 river rats
  14 shadow imps
  9 white imps
  21 ufetubi
  An adder skeleton (D:7)
  4 giant geckos
  14 oozes
  184 orcs
  23 bats
  2 bat skeletons
  8 giant cockroaches
  20 goblins
  15 hobgoblins
  8 jackals
  15 quokkas
  3 ball pythons
  3 giant newts
  A giant newt skeleton (Crypt:1)
  A jackal skeleton (D:5)
  31 kobolds
  3 orc skeletons
  18 rats
  A ballistomycete (D:13)
  A block of ice (Pan)
  3 fungi
  4 grand avatars (Pan)
  2 plants (Shoals:3)
  4 starspawn tentacles (Abyss:1)
4950 creatures vanquished.

Vanquished Creatures (collateral kills)
  2 acid blobs (Slime:6)
  3 azure jellies (Slime:6)
  5 death oozes (Slime:6)
  A hill giant (D:10)
  A bat (D:10)
12 creatures vanquished.

Vanquished Creatures (others)
  5 eldritch tentacles
  3 Executioners
  A fire giant (Depths:3)
  A draconian zealot (Zot:4)
  A draconian knight (Depths:5)
  A cacodemon (Zot:5)
  A corrupter (Pan)
  A blizzard demon (Slime:6)
  A green death (Pan)
  A rakshasa (Depths:3)
  A naga warrior (Snake:5)
  A deep elf knight (Elf:2)
  10 death scarabs
  13 ball lightnings (Pan)
  An anaconda zombie (Coc:5)
  A necromancer (Vaults:3)
  A shining eye (Pan)
  A moth of wrath (Zot:5)
  A frost giant zombie (Geh:7)
  A smoke demon (Pan)
  6 drowned souls
  A guardian mummy (Tomb:2)
  A komodo dragon (Lair:7)
  A hellwing (Pan)
  A hydra zombie (Geh:7)
  16 flying skulls
  A deep elf mage (Crypt:2)
  A shadow (D:15)
  2 deep elf fighters
  A soldier ant (D:15)
  A large abomination (Pan)
  2 ogre zombies (Vaults:3)
  2 ice beasts (Pan)
  2 ogres (Vaults:2)
  A water moccasin (D:15)
  A necrophage (Tomb:2)
  A snapping turtle zombie (Tomb:2)
  An orc warrior (Vaults:2)
  A manticore skeleton (Tomb:3)
  8 lost souls
  A quasit (Abyss:3)
  An iron imp (Dis:7)
  A worker ant (Pan)
  2 mummies (Tomb:2)
  A white imp (D:15)
  2 ufetubi (Pan)
  A quokka (D:8)
  A giant spore (D:13)
  A butterfly (Pan)
  451 eldritch tentacle segments
  7 fungi
  5 plants
  12 starspawn tentacles
  140 starspawn tentacle segments
  18 tentacles
  221 tentacle segments
963 creatures vanquished.

Grand Total: 5925 creatures vanquished

Notes
Turn   | Place    | Note
--------------------------------------------------------------
     0 | D:1      | Impoz, the Gargoyle Fighter, began the quest for the Orb.
     0 | D:1      | Reached XP level 1. HP: 14/14 MP: 1/1
   127 | D:1      | Reached XP level 2. HP: 14/19 MP: 2/2
   464 | D:1      | Reached XP level 3. HP: 23/23 MP: 3/3
  1018 | D:2      | Reached skill level 4 in Fighting
  1018 | D:2      | Reached XP level 4. HP: 25/29 MP: 4/4
  1615 | D:2      | Reached XP level 5. HP: 33/33 MP: 5/5
  1851 | D:3      | Found a shattered altar of Ashenzari.
  2332 | D:3      | Reached XP level 6. HP: 20/39 MP: 6/6
  2460 | D:3      | Noticed a centaur
  2472 | D:3      | Killed a centaur
  2472 | D:3      | Reached skill level 5 in Fighting
  3004 | D:4      | Reached skill level 5 in Shields
  3004 | D:4      | Reached XP level 7. HP: 14/44 MP: 7/7
  3243 | D:4      | Reached skill level 5 in Maces & Flails
  3375 | D:4      | Found a bloodstained altar of Trog.
  3525 | D:4      | Found a sacrificial altar of Ru.
  3615 | D:4      | Found an opulent altar of Gozag.
  3740 | D:5      | Entered Level 5 of the Dungeon
  3795 | D:5      | Noticed wojtek's ghost (experienced KoAs)
  4031 | D:5      | Reached skill level 6 in Fighting
  4031 | D:5      | Reached XP level 8. HP: 49/51 MP: 8/8
  4234 | D:5      | Found a stormy altar of Qazlal.
  4473 | D:6      | Got a brightly glowing whip
  4495 | D:6      | Identified the +4 whip "Cruawux" {vamp, SInv} (You found it on level 6 of the Dungeon)
  4548 | D:6      | Found a staircase to the Ecumenical Temple.
  4560 | Temple   | Entered the Ecumenical Temple
  4673 | Temple   | Became a worshipper of Makhleb the Destroyer
  4721 | D:6      | Noticed Natasha
  4729 | D:6      | Killed Natasha
  4937 | D:6      | Noticed Natasha
  4944 | D:6      | Killed Natasha
  4944 | D:6      | Reached skill level 1 in Invocations
  5066 | D:6      | Reached skill level 7 in Maces & Flails
  5309 | D:7      | Acquired Makhleb's first power
  5508 | D:7      | Reached XP level 9. HP: 39/55 MP: 4/14
  5581 | D:7      | Reached skill level 8 in Maces & Flails
  5677 | D:7      | Noticed Menkaure
  5686 | D:7      | Killed Menkaure
  5994 | D:7      | Found a deep blue altar of Sif Muna.
  6116 | D:7      | Found a snail-covered altar of Cheibriados.
  6123 | D:7      | Acquired Makhleb's second power
  6387 | D:8      | Found a stormy altar of Qazlal.
  6606 | D:8      | Reached skill level 9 in Maces & Flails
  6896 | D:8      | Reached skill level 5 in Invocations
  6960 | D:8      | Acquired Makhleb's third power
  7069 | D:8      | Noticed Pikel
  7109 | D:8      | Killed Pikel
  7109 | D:8      | Reached XP level 10. HP: 60/60 MP: 15/18
  7154 | D:8      | Reached skill level 10 in Maces & Flails
  7456 | D:9      | Reached skill level 5 in Armour
  7616 | D:9      | Noticed Edmund
  7644 | D:9      | Killed Edmund
  7991 | D:9      | Acquired Makhleb's fourth power
  8058 | D:9      | Found a staircase to the Orcish Mines.
  8100 | D:10     | Entered Level 10 of the Dungeon
  8206 | D:10     | Reached skill level 11 in Maces & Flails
  8541 | D:10     | Reached XP level 11. HP: 64/64 MP: 16/19
  8919 | D:10     | Found a staircase to the Lair.
  9219 | D:10     | Acquired Makhleb's fifth power
  9509 | D:10     | Noticed a hill giant
  9521 | D:10     | Killed a hill giant
  9521 | D:10     | Reached skill level 12 in Maces & Flails
  9857 | D:11     | Reached skill level 10 in Shields
 10569 | D:12     | Found Kionk's Assorted Antiques.
 10604 | D:12     | Found a glowing silver altar of Zin.
 10742 | D:12     | Noticed a sun demon
 10764 | D:12     | Reached skill level 13 in Maces & Flails
 10817 | D:12     | Found a labyrinth entrance.
 10819 | D:12     | Noticed an eight-headed hydra
 10822 | Lab      | Entered a labyrinth
 11818 | Lab      | Noticed a minotaur
 11855 | Lab      | Killed a minotaur
 11878 | Lab      | Got a heavily runed marble ring
 11880 | Lab      | Identified the ring "Kinoeliv" {Fire rPois+ Dex+3} (You found it in a labyrinth)
 11926 | D:11     | Noticed a five-headed hydra
 11934 | D:11     | Killed a five-headed hydra
 11934 | D:11     | Reached XP level 12. HP: 70/70 MP: 17/20
 12059 | D:12     | Killed an eight-headed hydra
 12318 | D:12     | Noticed Joseph
 12330 | D:12     | Killed Joseph
 12330 | D:12     | Reached skill level 14 in Maces & Flails
 12714 | Lair:1   | Entered Level 1 of the Lair of Beasts
 12892 | Lair:1   | Noticed Prince Ribbit
 13020 | Lair:1   | Killed Prince Ribbit
 13297 | Lair:1   | Found a bloodstained altar of Trog.
 13924 | Lair:1   | Reached skill level 10 in Armour
 14105 | Lair:2   | Gained mutation: You are partially covered in large bone plates (AC +2, SH +2). [potion of mutation]
 14105 | Lair:2   | Gained mutation: You can spit poison. [potion of mutation]
 14105 | Lair:2   | Gained mutation: Your body is slowly deteriorating. [potion of mutation]
 14252 | Lair:2   | Noticed a five-headed hydra
 14260 | Lair:2   | Killed a five-headed hydra
 14455 | Lair:2   | Noticed Gastronok
 14493 | Lair:2   | Killed Gastronok
 14493 | Lair:2   | Reached skill level 15 in Maces & Flails
 14786 | Lair:2   | Reached XP level 13. HP: 76/76 MP: 21/21
 14842 | Lair:2   | Noticed a five-headed hydra
 14862 | Lair:2   | Killed a five-headed hydra
 15193 | Lair:2   | Upgraded the game from 0.16-a0-3855-gd2600ac to 0.16-a0-3909-g31f9ca0
 16743 | Lair:4   | Reached skill level 16 in Maces & Flails
 17439 | Lair:5   | Identified a scroll of acquirement
 17472 | Lair:5   | Got a twisted morningstar
 17473 | Lair:5   | Identified the +10 morningstar "Moamnet" {vamp, Str+4 Int+3 Dex+3} (You acquired it on level 5 of the Lair of Beasts)
 17902 | Lair:5   | Found a staircase to the Snake Pit.
 17973 | Lair:5   | Found a staircase to the Shoals.
 18366 | Lair:2   | Lost mutation: Your body is slowly deteriorating. [potion of cure mutation]
 18366 | Lair:2   | Lost mutation: You can spit poison. [potion of cure mutation]
 19172 | Lair:6   | Gained mutation: Your wings are large and strong. [gargoyle growth]
 19172 | Lair:6   | Reached XP level 14. HP: 86/86 MP: 20/22
 19452 | Lair:7   | Found a staircase to the Slime Pits.
 19614 | Lair:7   | Reached skill level 1 in Evocations
 19669 | Lair:7   | Reached skill level 17 in Maces & Flails
 19716 | Lair:7   | Reached skill level 10 in Fighting
 19931 | Lair:7   | Noticed Erica
 19942 | Lair:7   | Killed Erica
 20308 | Lair:8   | Entered Level 8 of the Lair of Beasts
 20998 | Lair:8   | Reached XP level 15. HP: 93/93 MP: 18/23
 21127 | Lair:8   | Found a shattered altar of Ashenzari.
 21279 | Lair:8   | Reached skill level 5 in Evocations
 21314 | Lair:8   | Identified the Compendium of Battle Magic
 21328 | Lair:8   | Got a brightly glowing trident
 21329 | Lair:8   | Identified the +1 trident of Doom {holy, Str+2 Int-3 Dex+3} (You found it on level 8 of the Lair of Beasts)
 22070 | Orc:1    | Entered Level 1 of the Orcish Mines
 22239 | Orc:1    | You fall through a shaft!
 22239 | Orc:2    | Noticed Harold
 22256 | Orc:2    | Killed Harold
 22297 | Orc:2    | Noticed Grum
 22307 | Orc:2    | Killed Grum
 23714 | Orc:4    | Entered Level 4 of the Orcish Mines
 23837 | Orc:4    | Found a roughly hewn altar of Beogh.
 24039 | Orc:4    | Found Osit's Assorted Antiques.
 24039 | Orc:4    | Found Guimin's Armour Emporium.
 24043 | Orc:4    | Found Izitsat's Magic Scroll Shoppe.
 24043 | Orc:4    | Found Otofar Iczi's Weapon Boutique.
 24068 | Orc:4    | Bought a scroll of teleportation for 42 gold pieces
 24068 | Orc:4    | Bought a scroll of teleportation for 42 gold pieces
 24207 | Orc:4    | Found a staircase to the Elven Halls.
 24720 | Snake:1  | Entered Level 1 of the Snake Pit
 25047 | Snake:1  | Found a radiant altar of Vehumet.
 25401 | Snake:2  | Reached XP level 16. HP: 89/101 MP: 13/26
 25524 | Snake:2  | Got a scintillating copper ring
 25525 | Snake:2  | Identified the ring "Icieru Skiu" {rF+ EV+2} (You found it on level 2 of the Snake Pit)
 25665 | Snake:2  | Found an iron altar of Okawaru.
 25789 | Snake:2  | Noticed Kirke
 25797 | Snake:2  | Killed Kirke
 26870 | Snake:3  | Reached skill level 15 in Shields
 27136 | Snake:4  | Noticed Jorgrun
 27152 | Snake:4  | Killed Jorgrun
 27565 | Snake:4  | Reached XP level 17. HP: 109/109 MP: 27/29
 27694 | Snake:5  | Entered Level 5 of the Snake Pit
 27734 | Snake:5  | Found Madi's Gadget Emporium.
 27810 | Snake:5  | Reached skill level 10 in Invocations
 27900 | Snake:5  | Noticed Mara
 27907 | Snake:5  | Noticed Impoz's illusion
 28002 | Snake:5  | Noticed Impoz's illusion
 28038 | Snake:5  | Killed Mara
 28246 | Snake:5  | Reached skill level 15 in Armour
 28467 | Snake:5  | Noticed Donald
 28484 | Snake:5  | Killed Donald
 28666 | Snake:5  | Reached skill level 15 in Fighting
 29009 | Snake:5  | Reached XP level 18. HP: 119/119 MP: 28/30
 29108 | Snake:5  | Got a serpentine rune of Zot
 29563 | Shoals:1 | Entered Level 1 of the Shoals
 29648 | Shoals:1 | Noticed Nessos
 29668 | Shoals:1 | Killed Nessos
 29879 | Shoals:1 | Noticed Louise
 29907 | Shoals:1 | Killed Louise
 30791 | Shoals:2 | Reached skill level 10 in Evocations
 31387 | Shoals:3 | Got a slimy shield
 31388 | Shoals:3 | Identified the +4 shield "Louruw" {rPois- rC- Str+5 Int+7 SInv} (You acquired it on level 3 of the Shoals)
 31447 | Shoals:3 | Reached skill level 1 in Spellcasting
 32343 | Shoals:5 | Entered Level 5 of the Shoals
 32389 | Shoals:5 | Reached XP level 19. HP: 127/127 MP: 27/31
 32631 | Shoals:5 | Noticed Saint Roka
 32696 | Shoals:5 | Got a shimmering whip
 32702 | Shoals:5 | Identified the +4 whip of Thropho Teqav {venom, Str+4 Dex+3 Stlth+} (You found it on level 5 of the Shoals)
 32877 | Shoals:5 | Killed Saint Roka
 32953 | Shoals:5 | Reached skill level 18 in Maces & Flails
 32965 | Shoals:5 | Reached skill level 5 in Spellcasting
 33024 | Shoals:5 | Got a barnacled rune of Zot
 33105 | Shoals:5 | Noticed Ilsuiw
 33151 | Shoals:5 | Killed Ilsuiw
 34147 | D:13     | Got a citrine-encrusted leather armour
 34158 | D:13     | Identified the +0 leather armour "Koash" {-Cast rCorr MP+9} (You found it on level 13 of the Dungeon)
 35143 | Orc:4    | Bought a scroll of identify for 50 gold pieces
 35143 | Orc:4    | Bought a scroll of identify for 50 gold pieces
 35146 | Orc:4    | Bought a scroll of identify for 28 gold pieces
 35146 | Orc:4    | Bought a scroll of enchant weapon for 105 gold pieces
 35146 | Orc:4    | Bought a scroll of enchant weapon for 105 gold pieces
 35146 | Orc:4    | Bought a scroll of remove curse for 42 gold pieces
 35146 | Orc:4    | Bought a scroll of identify for 28 gold pieces
 35517 | D:14     | Found a gate to the Vaults.
 36463 | Vaults:1 | Entered Level 1 of the Vaults
 36502 | Vaults:1 | Reached XP level 20. HP: 136/136 MP: 33/33
 37037 | Vaults:1 | Reached skill level 19 in Maces & Flails
 39578 | Vaults:3 | Reached skill level 10 in Spellcasting
 39660 | Vaults:3 | Got a jewelled buckler
 39673 | Vaults:3 | Identified the +1 buckler of Omission {Int+6 SInv} (You found it on level 3 of the Vaults)
 39697 | Vaults:3 | Reached XP level 21. HP: 144/144 MP: 36/36
 39909 | Vaults:3 | Found a portal to a secret trove of treasure.
 39969 | Vaults:3 | Noticed Margery
 39991 | Vaults:3 | Killed Margery
 40127 | Vaults:3 | Found a deep blue altar of Sif Muna.
 41249 | Vaults:4 | Reached skill level 20 in Maces & Flails
 42357 | Lair:2   | Upgraded the game from 0.16-a0-3909-g31f9ca0 to 0.16-a0-3926-g4728e1c
 42475 | D:15     | Entered Level 15 of the Dungeon
 42777 | D:15     | Found a staircase to the Depths.
 42988 | D:15     | Noticed Sonja
 42990 | D:15     | Killed Sonja
 43010 | D:15     | Found a glowing golden altar of the Shining One.
 43583 | Vaults:5 | Entered Level 5 of the Vaults
 43752 | Vaults:4 | Reached XP level 22. HP: 152/152 MP: 38/38
 44221 | Vaults:5 | Noticed an ancient lich
 44404 | Vaults:4 | Killed an ancient lich
 44783 | Vaults:5 | Noticed a golden dragon
 44795 | Vaults:5 | Killed a golden dragon
 44878 | Vaults:5 | Got a fine lajatang
 44879 | Vaults:5 | Identified the +2 lajatang of Raxziacu {speed, rF- Str+7} (You found it on level 5 of the Vaults)
 44929 | Vaults:5 | Noticed a golden dragon
 44960 | Vaults:5 | Killed a golden dragon
 45117 | Vaults:5 | Reached skill level 21 in Fighting
 45477 | Vaults:5 | Got a spiked scale mail
 45499 | Vaults:5 | Identified the +4 scale mail of Intuition {-Cast Contam +Blink rN++ Int+3} (You found it on level 5 of the Vaults)
 45621 | Vaults:5 | Identified the Volume of Supportive Transmigration
 45659 | Vaults:5 | Got a silver rune of Zot
 45674 | Vaults:5 | Killed a ghostly golden dragon
 45838 | Vaults:5 | Noticed a golden dragon
 45853 | Vaults:5 | Killed a golden dragon
 45904 | Vaults:5 | Noticed a golden dragon
 45915 | Vaults:5 | Killed a golden dragon
 45915 | Vaults:5 | Reached XP level 23. HP: 160/160 MP: 39/39
 46045 | Vaults:5 | Identified the Grimoire of Stones
 46222 | Vaults:5 | Got a shimmering leather armour
 46223 | Vaults:5 | Identified the +3 leather armour "Smoat" {Slay+5} (You found it on level 5 of the Vaults)
 46270 | Vaults:5 | Noticed a golden dragon
 46300 | Vaults:5 | Killed a golden dragon
 46431 | Vaults:5 | Reached skill level 22 in Fighting
 47240 | Elf:1    | Entered Level 1 of the Elven Halls
 47323 | Elf:1    | Found Clohuq's Antique Armour Emporium.
 47337 | Elf:1    | Got a slimy leather armour
 47568 | Elf:1    | Got an ichor-stained cloak
 47579 | Elf:1    | Identified the +1 cloak of Qazlal's Outrage {rC+ MR+ Dex+4 Stlth+} (You found it on level 1 of the Elven Halls)
 47875 | Elf:1    | Got an encrusted dagger
 47932 | Elf:1    | Identified the +0 leather armour "Idwim" {+Blink +Inv rElec rPois+ rF-} (You found it on level 1 of the Elven Halls)
 48018 | Elf:1    | Bought a spiked plate armour for 924 gold pieces
 48152 | Elf:2    | Found a huge runed gate.
 48153 | Elf:2    | Found a huge runed gate.
 48156 | Elf:2    | Found a huge runed gate.
 48399 | Elf:2    | Learned a level 2 spell: Swiftness
 48403 | Elf:2    | Learned a level 3 spell: Passwall
 48408 | Elf:2    | Learned a level 4 spell: Passage of Golubria
 48457 | Elf:2    | Reached skill level 1 in Charms
 48457 | Elf:2    | Reached skill level 1 in Earth Magic
 48581 | Elf:2    | Noticed Nikola
 48611 | Elf:2    | Killed Nikola
 48951 | Elf:3    | Entered Level 3 of the Elven Halls
 49168 | Elf:3    | Reached skill level 5 in Charms
 49410 | Elf:3    | Reached skill level 5 in Earth Magic
 49646 | Elf:3    | Got an iridescent battleaxe
 49653 | Elf:3    | Identified the Guide on the Traveller
 49657 | Elf:3    | Learned a level 2 spell: Blink
 49662 | Elf:3    | Learned a level 4 spell: Control Teleport
 49666 | Elf:3    | Got a crystal arbalest
 49672 | Elf:3    | Got an ichor-stained blowgun
 49693 | Elf:3    | Got a slimy mace
 49739 | Elf:3    | Reached XP level 24. HP: 168/168 MP: 39/39
 49805 | Elf:3    | Got a pitted bardiche
 49810 | Elf:3    | Got a translucent ring mail
 49978 | Elf:3    | Learned a level 2 spell: Stoneskin
 50085 | Elf:3    | Got a blackened morningstar
 50087 | Elf:3    | Got an ancient hunting sling
 50154 | Elf:3    | Gained mutation: Your flesh is cold resistant. [potion of beneficial mutation]
 50156 | Elf:3    | Got a translucent dire flail
 50716 | D:12     | Bought a scroll of identify for 76 gold pieces
 50716 | D:12     | Identified the +5 plate armour of Gallantry {+Fly rN+ MP+9 Str-2 SInv} (You bought it in a shop on level 1 of the Elven Halls)
 51147 | Vaults:3 | Found a staircase to the Crypt.
 51149 | Vaults:3 | Identified the +9 morningstar of Saltpetre {drain, rF+ MR- Str+2 Dex-4 SInv} (You found it on level 3 of the Elven Halls)
 51558 | Slime:1  | Entered Level 1 of the Pits of Slime
 51758 | Slime:3  | Gained mutation: You are weak. (Str -2) [a shining eye]
 52002 | Slime:6  | Entered Level 6 of the Pits of Slime
 52121 | Slime:6  | Gained mutation: You are very weak. (Str -4) [a shining eye]
 52336 | Slime:5  | Found a viscous altar of Jiyva.
 52574 | Slime:6  | Reached skill level 10 in Charms
 52732 | Slime:6  | Noticed the royal jelly
 53052 | Slime:6  | Found a viscous altar of Jiyva.
 53551 | Slime:6  | Killed the royal jelly
 53551 | Slime:6  | Reached skill level 10 in Earth Magic
 53925 | Slime:6  | Got a slimy hunting sling
 53930 | Slime:6  | Got a slimy rune of Zot
 53948 | Slime:6  | Learned a level 1 spell: Summon Butterflies
 53979 | Slime:6  | Got a translucent spear
 53983 | Slime:6  | Got a ripped robe
 53992 | Slime:6  | Identified the Disquisition on Floating Attacks
 53996 | Slime:6  | Learned a level 2 spell: Repel Missiles
 54071 | Slime:6  | Got a silken robe
 54350 | Lair:2   | Identified the +7 dire flail "Smuz" {holy, rF+ rN+ Int+2} (You found it on level 3 of the Elven Halls)
 54395 | Lair:2   | Learned a level 5 spell: Lee's Rapid Deconstruction
 54402 | Lair:2   | Learned a level 6 spell: Haste
 54584 | Depths:1 | Entered Level 1 of the Depths
 54590 | Depths:1 | Noticed Aizul
 54608 | Depths:1 | Killed Aizul
 54640 | Depths:1 | Reached skill level 1 in Translocations
 54872 | Depths:1 | Identified the cursed +1 mace of Dung {vamp, rPois- rF+ SInv} (You found it on level 3 of the Elven Halls)
 55093 | Depths:1 | Found a gateway to Hell.
 55124 | Depths:1 | Reached XP level 25. HP: 173/173 MP: 40/40
 55171 | Depths:1 | Found a glowing golden altar of the Shining One.
 55573 | Depths:2 | Found a runed door.
 55694 | Depths:2 | Reached skill level 5 in Translocations
 55771 | Depths:2 | Noticed Asterion
 55811 | Depths:2 | Killed Asterion
 56246 | Depths:2 | Found a gateway to a ziggurat.
 56718 | Depths:3 | Found a one-way gate leading to the halls of Pandemonium.
 56798 | Depths:3 | Noticed an ancient lich
 56978 | Depths:3 | Got a faintly humming chain mail
 57098 | Depths:3 | Killed an ancient lich
 58161 | Lair:2   | Identified the -6 chain mail "Psaos" {+Blink rElec rC- MR+ MP+9} (You found it on level 3 of the Depths)
 58509 | Pan      | Entered Pandemonium
 58554 | Pan      | Noticed Podimm the pandemonium lord
 58593 | Pan      | Killed Podimm the pandemonium lord
 58768 | Pan      | Reached XP level 26. HP: 180/180 MP: 41/41
 59300 | Pan      | Noticed Gruejul the pandemonium lord
 59342 | Pan      | Killed Gruejul the pandemonium lord
 59635 | Pan      | Found an exit through the horrors of the Abyss.
 59680 | Pan      | Found a runed door.
 60051 | Pan      | Entered the realm of Cerebov.
 60090 | Pan      | Noticed Mennas
 60091 | Pan      | Got a faintly humming chain mail
 60145 | Pan      | Killed Mennas
 60393 | Pan      | Found an exit through the horrors of the Abyss.
 60658 | Pan      | Noticed Cerebov
 60779 | Pan      | Killed Cerebov
 60950 | Pan      | Got a translucent diamond amulet
 60995 | Pan      | Got a pair of heavily runed boots
 61024 | Pan      | Identified the +2 pair of boots of the Land of Plenty {rPois+ rF+} (You found it in Pandemonium)
 61092 | Pan      | Got a fiery rune of Zot
 61215 | Pan      | Reached XP level 27. HP: 184/184 MP: 42/42
 61236 | Pan      | Noticed Uwues the pandemonium lord
 61293 | Pan      | Gained mutation: You occasionally shout uncontrollably at your foes. [a neqoxec]
 61316 | Pan      | Killed Uwues the pandemonium lord
 61369 | Pan      | Identified the amulet of Fan Saot {Ward +Fly rN+} (You took it off an efreet in Pandemonium)
 61461 | Pan      | Got a demonic rune of Zot
 61689 | Pan      | Got a faintly humming buckler
 61704 | Pan      | Found a white marble altar of Elyvilon.
 62643 | Pan      | Entered the realm of Lom Lobon.
 62717 | Pan      | Found an exit through the horrors of the Abyss.
 62868 | Pan      | Got a faintly glowing large shield
 62879 | Pan      | Identified the +3 large shield of Fotebim {rElec rCorr Str+3 Stlth-} (You found it in Pandemonium)
 63335 | Pan      | Reached skill level 23 in Armour
 63780 | Pan      | Noticed Lom Lobon
 63857 | Pan      | Killed Lom Lobon
 63899 | Pan      | Got a magical rune of Zot
 64338 | Pan      | Found an exit through the horrors of the Abyss.
 64403 | Pan      | Reached skill level 15 in Charms
 64823 | Pan      | Noticed Doash the pandemonium lord
 64841 | Pan      | Entered the realm of Mnoleg.
 64978 | Pan      | Got a pitted chain mail
 65169 | Pan      | Killed Doash the pandemonium lord
 65208 | Pan      | Noticed Mnoleg
 65232 | Pan      | Gained mutation: You sometimes yell uncontrollably at your foes. [a shining eye]
 65334 | Pan      | Paralysed by a giant eyeball for 3 turns
 65351 | Pan      | Paralysed by a giant eyeball for 2 turns
 65362 | Pan      | Paralysed by a giant eyeball for 4 turns
 65373 | Pan      | Paralysed by a giant eyeball for 2 turns
 65390 | Pan      | Killed Mnoleg
 65524 | Pan      | Got a glowing rune of Zot
 65530 | Pan      | Gained mutation: You are dopey. (Int -2) [a neqoxec]
 65620 | Pan      | Reached skill level 15 in Spellcasting
 65716 | Pan      | Reached skill level 24 in Armour
 65746 | Pan      | Found an exit through the horrors of the Abyss.
 65967 | Pan      | Gained mutation: You are partially covered in yellow scales (AC +2). [a neqoxec]
 66520 | Pan      | Noticed Thrinkeff the pandemonium lord
 66555 | Pan      | Killed Thrinkeff the pandemonium lord
 66810 | Pan      | Noticed Styzea the pandemonium lord
 66829 | Pan      | Killed Styzea the pandemonium lord
 66918 | Pan      | Found an exit through the horrors of the Abyss.
 67056 | Pan      | Found a huge runed gate.
 67060 | Pan      | Noticed Muynouhudu the pandemonium lord
 67062 | Pan      | Found an exit through the horrors of the Abyss.
 67123 | Pan      | Found an exit through the horrors of the Abyss.
 67173 | Pan      | Got a polished ring mail
 67250 | Pan      | Found an exit through the horrors of the Abyss.
 67365 | Pan      | Reached skill level 25 in Armour
 67954 | Pan      | Found an exit through the horrors of the Abyss.
 68008 | Pan      | Noticed Daisuell the pandemonium lord
 68101 | Pan      | Entered the realm of Gloorx Vloq.
 68409 | Pan      | Noticed Gloorx Vloq
 68436 | Pan      | Killed Gloorx Vloq
 68567 | Pan      | Got a dark rune of Zot
 68712 | Pan      | Found an exit through the horrors of the Abyss.
 68780 | Pan      | Took an exit into the Abyss.
 68780 | Abyss:1  | Escaped into the Abyss
 69342 | Depths:3 | Escaped the Abyss
 69709 | Lair:2   | Upgraded the game from 0.16-a0-3926-g4728e1c to 0.16-a0-3940-gf8a207b
 69996 | Pan      | Entered Pandemonium
 70089 | Pan      | Found an exit through the horrors of the Abyss.
 70099 | Pan      | Took an exit into the Abyss.
 70099 | Abyss:1  | Escaped into the Abyss
 70159 | Abyss:1  | Reached skill level 26 in Armour
 70184 | Abyss:2  | Found a corrupted altar of Lugonu.
 70196 | Abyss:3  | Got an abyssal rune of Zot
 70209 | Abyss:3  | Paralysed by accursed screaming for 2 turns
 70426 | Depths:3 | Escaped the Abyss
 70691 | Lair:2   | Identified the cursed +0 ring mail of Gauklal {rPois+ rN+ MR+ MP+9 Int-5} (You found it in Pandemonium)
 70692 | Lair:2   | Identified the +0 chain mail of Too Many Cooks {MR- Str+4 Int+5 Dex+2} (You found it in Pandemonium)
 70693 | Lair:2   | Identified the cursed -5 chain mail of Weirdness {rElec Str-5 Int+3 Dex-4 SInv} (You found it in Pandemonium)
 70694 | Lair:2   | Identified the cursed -5 ring mail of the Echidna {-Cast rCorr Str+5 SInv} (You took it off a deep elf high priest on level 3 of the Elven Halls)
 70718 | Lair:2   | Lost mutation: You are very weak. (Str -4) [potion of cure mutation]
 70720 | Lair:2   | Lost mutation: You are dopey. (Int -2) [potion of cure mutation]
 70720 | Lair:2   | Lost mutation: You are partially covered in large bone plates (AC +2, SH +2). [potion of cure mutation]
 70720 | Lair:2   | Lost mutation: You sometimes yell uncontrollably at your foes. [potion of cure mutation]
 70720 | Lair:2   | Lost mutation: You are weak. (Str -2) [potion of cure mutation]
 70720 | Lair:2   | Lost mutation: Your flesh is cold resistant. [potion of cure mutation]
 70721 | Lair:2   | Lost mutation: You occasionally shout uncontrollably at your foes. [potion of cure mutation]
 71026 | Vaults:3 | You paid a toll of 16 scrolls of teleportation to enter a treasure trove
 71027 | Trove    | Entered a treasure trove
 71054 | Trove    | Got a translucent turquoise ring
 71056 | Trove    | Got a flickering zirconium amulet
 71102 | Trove    | Identified the ring of Dishonesty {rN+ Dex+6} (You found it in a treasure trove)
 71106 | Trove    | Identified the amulet "Throtaj" {+Rage rPois+ Str+3 SInv} (You found it in a treasure trove)
 71144 | Crypt:1  | Entered Level 1 of the Crypt
 71780 | Crypt:2  | Found a magical portal.
 71837 | WizLab   | Entered Doroklohe's Tomb
 72343 | WizLab   | Identified a +2 pair of boots of running (You found it in a wizard's laboratory)
 72351 | WizLab   | Got a bloodstained ring mail
 72362 | WizLab   | Identified the +3 ring mail "Phofeapa" {rF+} (You found it in a wizard's laboratory)
 72832 | Crypt:2  | Noticed Jory
 72858 | Crypt:2  | Killed Jory
 73301 | Crypt:2  | Noticed an ancient lich
 73377 | Crypt:3  | Entered Level 3 of the Crypt
 73569 | Crypt:3  | Found a basalt altar of Yredelemnul.
 74072 | Crypt:3  | Reached skill level 27 in Armour
 74292 | Crypt:3  | Noticed Khufu
 74335 | Crypt:3  | Killed Khufu
 74619 | Crypt:3  | Found a staircase to the Tomb.
 74837 | Tomb:1   | Entered Level 1 of the Tomb of the Ancients
 74878 | Tomb:1   | Learned a level 1 spell: Apportation
 76230 | Tomb:2   | Noticed an ancient lich
 76252 | Tomb:1   | Killed an ancient lich
 76312 | Tomb:2   | Noticed Sojobo
 76542 | Tomb:1   | Killed Sojobo
 79082 | Tomb:3   | Entered Level 3 of the Tomb of the Ancients
 79421 | Tomb:3   | Noticed an ancient lich
 79430 | Tomb:3   | Noticed an ancient lich
 80514 | Tomb:2   | Killed an ancient lich
 80728 | Tomb:2   | Killed an ancient lich
 81212 | Tomb:3   | Gained mutation: You are weak. (Str -2) [mutagenic glow]
 81224 | Tomb:3   | Identified the Incunabulum of Good Luck
 81458 | Tomb:3   | Got a golden rune of Zot
 81493 | Tomb:3   | Reached skill level 27 in Fighting
 81577 | Tomb:3   | Got a faintly glowing iron ring
 81599 | Tomb:3   | Got a transparent iron ring
 81611 | Tomb:3   | Identified the Almanac of Summoning (You found it on level 3 of the Tomb of the Ancients)
 81613 | Tomb:3   | Got a faintly humming scale mail
 81614 | Tomb:3   | Identified the cursed -5 scale mail of Cleciy {rElec rC- Str-4 Int+6 Dex+6} (You found it on level 3 of the Tomb of the Ancients)
 81622 | Tomb:3   | Got a translucent golden amulet
 81642 | Tomb:3   | Identified the ring "Cijieros" {+Inv MR+ Stlth+} (You found it on level 3 of the Tomb of the Ancients)
 81644 | Tomb:3   | Identified the ring "Ujiedif" {rC+ rN+ Slay+3 SInv} (You found it on level 3 of the Tomb of the Ancients)
 81646 | Tomb:3   | Identified the amulet "Jaonwo" {rElec rF- Regen+ Stlth+} (You found it on level 3 of the Tomb of the Ancients)
 83109 | Hell     | Entered the Vestibule of Hell
 83376 | Hell     | Found a gateway to the freezing wastes of Cocytus.
 83420 | Hell     | Noticed Geryon
 83476 | Hell     | Killed Geryon
 83652 | Hell     | Found a gateway to the ashen valley of Gehenna.
 83691 | Hell     | Found a gateway to the Iron City of Dis.
 83725 | Dis:1    | Entered Level 1 of the Iron City of Dis
 84151 | Dis:7    | Entered Level 7 of the Iron City of Dis
 84734 | Dis:7    | Noticed the Serpent of Hell
 84776 | Dis:7    | Killed the Serpent of Hell
 85245 | Dis:7    | Noticed Dispater
 85274 | Dis:7    | Killed Dispater
 85346 | Dis:7    | Identified the Handbook of Unholy Magic
 85385 | Dis:7    | Got an iron rune of Zot
 85649 | Geh:1    | Entered Level 1 of Gehenna
 86682 | Geh:6    | Reached skill level 15 in Invocations
 86707 | Geh:7    | Entered Level 7 of Gehenna
 86738 | Geh:7    | Gained mutation: You have a pair of small horns on your head. [mutagenic glow]
 86911 | Geh:7    | Reached skill level 27 in Maces & Flails
 87457 | Geh:7    | Noticed Asmodeus
 87591 | Geh:7    | Killed Asmodeus
 87664 | Geh:7    | Got an obsidian rune of Zot
 87725 | Coc:1    | Entered Level 1 of Cocytus
 88249 | Coc:7    | Entered Level 7 of Cocytus
 88687 | Coc:7    | Identified Sif Muna's Catalogue of the Birds and Conjuration
 88724 | Coc:7    | Identified Psis' Papyrus of Earth
 89089 | Coc:7    | Noticed Antaeus
 89143 | Coc:7    | Got a twitching wooden ring
 89145 | Coc:7    | Got a warped broad axe
 89147 | Coc:7    | Got a brightly glowing chain mail
 89149 | Coc:7    | Got an icy rune of Zot
 89421 | Coc:7    | Killed Antaeus
 89533 | Hell     | Found a gateway to the decaying netherworld of Tartarus.
 89555 | Tar:1    | Entered Level 1 of Tartarus
 90487 | Tar:5    | Identified the ring "Fegramyi" {Ice Contam rN+ MP+9 Int+2 SInv} (You found it on level 7 of Cocytus)
 90492 | Tar:5    | Lost mutation: You are partially covered in yellow scales (AC +2). [mutagenic glow]
 91198 | Tar:7    | Entered Level 7 of Tartarus
 91339 | Tar:7    | Noticed Ereshkigal
 91608 | Tar:7    | Killed Ereshkigal
 91644 | Tar:7    | Got a bone rune of Zot
 91935 | Lair:2   | Identified the +5 chain mail of the Solstice {Contam +Fly rC+} (You found it on level 7 of Cocytus)
 91952 | Lair:2   | Identified the +1 buckler of Intercession {rN+ Regen+ Int-4 Dex+6 Slay-5} (You took it off a cherub in Pandemonium)
 91959 | Lair:2   | Identified the +11 broad axe "Feoxkeum" {freeze, Dex+6} (You found it on level 7 of Cocytus)
 92432 | Depths:5 | Entered Level 5 of the Depths
 92503 | Depths:4 | Reached skill level 1 in Dodging
 93344 | Depths:5 | Noticed the Enchantress
 93364 | Depths:5 | Killed the Enchantress
 93364 | Depths:5 | Reached skill level 5 in Dodging
 93528 | Depths:5 | Found a gate to the Realm of Zot.
 93553 | Depths:5 | Got a shimmering great sword
 93554 | Depths:5 | Identified the +1 great sword of Mandamus {freeze, rPois+ rN+ MR-} (You found it on level 5 of the Depths)
 93559 | Zot:1    | Entered Level 1 of the Realm of Zot
 93908 | Zot:2    | Reached skill level 27 in Invocations
 94118 | Zot:2    | Gained mutation: You are surrounded by a mild repulsion field (EV +2). [potion of beneficial mutation]
 94248 | Zot:3    | Found a huge runed gate.
 94248 | Zot:3    | Found a huge runed gate.
 94248 | Zot:3    | Found a huge runed gate.
 94248 | Zot:3    | Found a huge runed gate.
 94248 | Zot:3    | Found a huge runed gate.
 94248 | Zot:3    | Found a huge runed gate.
 94346 | Zot:5    | Entered Level 5 of the Realm of Zot
 94431 | Zot:5    | Reached skill level 10 in Dodging
 94485 | Zot:5    | Got a bloodstained flail
 94486 | Zot:5    | Identified the cursed +0 flail of Trog's Approval {flame, rPois+ Str+6 Stlth+} (You found it on level 5 of the Realm of Zot)
 94562 | Zot:5    | Noticed an ancient lich
 94572 | Zot:5    | Killed an ancient lich
 94601 | Zot:5    | Noticed an orb of fire
 94603 | Zot:5    | Noticed an orb of fire
 94609 | Zot:5    | Noticed an orb of fire
 94612 | Zot:5    | Killed an orb of fire
 94614 | Zot:5    | Noticed an ancient lich
 94614 | Zot:5    | Gained mutation: You can spit poison. [an orb of fire]
 94629 | Zot:5    | Noticed an ancient lich
 94632 | Zot:5    | Killed an orb of fire
 94696 | Zot:5    | Noticed an ancient lich
 94701 | Zot:5    | Killed an ancient lich
 94716 | Zot:5    | Killed an orb of fire
 94720 | Zot:5    | Noticed an orb of fire
 94724 | Zot:5    | Gained mutation: You expend magic power (3 MP) to slightly strengthen your wands. [an orb of fire]
 94746 | Zot:5    | Killed an orb of fire
 94751 | Zot:5    | Killed an ancient lich
 94762 | Zot:5    | Killed an ancient lich
 94819 | Zot:5    | Noticed an orb of fire
 94819 | Zot:5    | Noticed an ancient lich
 94834 | Zot:5    | Killed an orb of fire
 94839 | Zot:5    | Killed an ancient lich
 94854 | Zot:5    | Noticed an orb of fire
 94879 | Zot:5    | Killed an orb of fire
 94937 | Zot:5    | Reached skill level 15 in Dodging
 95011 | Zot:5    | Got the Orb of Zot
 95432 | D:6      | Noticed Natasha
 95437 | D:6      | Killed Natasha
 95451 | D:6      | Gained mutation: You are clumsy. (Dex -2) [mutagenic glow]
 95542 | D:2      | Gained mutation: You are very weak. (Str -4) [mutagenic glow]
 95570 | D:$      | Escaped with the Orb!

Action                   |  1- 3 |  4- 6 |  7- 9 | 10-12 | 13-15 | 16-18 | 19-21 | 22-24 | 25-27 || total
-------------------------+-------+-------+-------+-------+-------+-------+-------+-------+-------++-------
Melee: Flail             |    88 |       |       |       |       |       |       |       |       ||    88
       Mace              |    44 |   224 |    12 |       |       |       |       |       |       ||   280
       Morningstar       |       |       |   109 |       |  1431 |  1757 |  2452 |  2262 | 11634 || 19645
       Whip              |       |       |   693 |  2122 |   807 |       |       |       |       ||  3622
       Unarmed           |       |       |       |     9 |       |     4 |       |       |       ||    13
Throw: Tomahawk          |       |       |     4 |     1 |       |       |       |       |       ||     5
 Cast: Passwall          |       |       |       |       |       |       |       |     8 |     2 ||    10
       Stoneskin         |       |       |       |       |       |       |       |     5 |    10 ||    15
       Blink             |       |       |       |       |       |       |       |     4 |     9 ||    13
       Swiftness         |       |       |       |       |       |       |       |     3 |    17 ||    20
       Repel Missiles    |       |       |       |       |       |       |       |     1 |     7 ||     8
       Haste             |       |       |       |       |       |       |       |       |    36 ||    36
       Control Teleport  |       |       |       |       |       |       |       |       |     7 ||     7
       Lee's Rapid Decon |       |       |       |       |       |       |       |       |    12 ||    12
Invok: Lesser Servant of |       |       |       |     2 |       |       |       |       |       ||     2
       Greater Servant o |       |       |       |       |       |       |       |     4 |     3 ||     7
 Abil: Fly               |       |       |       |       |       |     1 |       |     1 |     2 ||     4
       Stop Flying       |       |       |       |       |       |       |       |     1 |     1 ||     2
       Evoke Berserk Rag |       |       |       |       |       |       |       |       |     1 ||     1
Evoke: Wand              |       |       |       |    15 |     4 |     1 |       |       |    27 ||    47
  Use: Scroll            |       |     4 |     4 |    11 |    11 |    10 |    10 |    16 |    50 ||   116
       Potion            |       |     4 |     1 |     3 |    11 |     1 |     1 |    12 |    36 ||    69
 Stab: Confused          |       |       |       |     1 |       |       |       |       |       ||     1
       Petrifying        |       |       |       |       |     1 |       |       |       |       ||     1
       Distracted        |       |       |       |       |       |       |     1 |     2 |     3 ||     6
       Sleeping          |       |       |       |       |       |       |       |     7 |       ||     7
       Paralysed         |       |       |       |       |       |       |       |       |     4 ||     4
  Eat: Chunk             |       |     6 |    15 |    24 |    32 |    24 |    29 |    21 |    28 ||   179
       Fruit             |       |       |     5 |       |     2 |       |       |       |    16 ||    23
       Pizza             |       |       |     1 |     2 |       |       |       |     1 |     2 ||     6
       Bread ration      |       |       |       |       |     2 |     1 |     1 |     3 |    13 ||    20
       Beef jerky        |       |       |       |       |       |       |     1 |       |    20 ||    21
       Meat ration       |       |       |       |       |       |       |     1 |     1 |     8 ||    10
